Influenza vs Condors

Created - February 5, 2021 at 19:00

Goals
1 2 3 T
Influenza 1 5 2 8
Condors 0 1 1 2
Shots
1 2 3 T
Influenza 9 14 12 35
Condors 10 16 16 42

1st period

1. Influenza , Linden Vey 11 (Bo Horvat 30) at 6:43

Penalties :
Carl Gunnarsson (Bak) for Interference (Minor) at 0:22, Carl Gunnarsson (Bak) for Roughing (Minor) at 7:11, Dmitry Sinitsyn (VJB) for Hooking (Minor) at 11:00

2nd period

2. Influenza , Tim Schaller 17 (Linden Vey 21, Bo Horvat 31) at 0:08
3. Influenza , Lucas Lessio 16 (Travis Konecny 20) at 7:01
4. Influenza , Bo Horvat 21 (Tim Schaller 14) at 8:22
5. Influenza , Ryan Dzingel 6 (Colton Sissons 12, Haydn Fleury 8) at 9:37
6. Condors , Christian Thomas 12 (Daniel Zaar 12, Zac Leslie 17) at 10:53
7. Influenza , Linden Vey 12 (Tim Erixon 15, Colton Sissons 13) at 13:21

Penalties :
Linden Vey (VJB) for Interference (Minor) at 0:24, Linden Vey (VJB) for Roughing (Minor) at 4:51, Anton Slepyshev (Bak) for Tripping (Minor) at 16:28

3rd period

8. Influenza , Tim Schaller 18 (Bo Horvat 32) at 8:45
9. Condors , Nail Yakupov 31 (Tyler Bozak 28, Andrew Mangiapane 18) at 8:57
10. Influenza , Travis Konecny 22 (Bo Horvat 33) at 15:19

Penalties :
Andrew Mangiapane (Bak) for Interference (Minor) at 9:15, Linden Vey (VJB) for Hooking (Minor) at 16:13, Dmitry Sinitsyn (VJB) for Hooking (Minor) at 16:57

Goalie Stats

Al Montoya (VJB), 40 saves from 42 shots - (0.952), W, 4-5-0, 60:00 minutes
Ilya Samsonov (Bak), 16 saves from 20 shots - (0.800), 31:38 minutes
Mark Visentin (Bak), 11 saves from 15 shots - (0.733), L, 5-7-2, 28:22 minutes

Players Stats for Influenza

Player Name              G  A  P  +/- PIM S  H  SB GA TA FO     MP     PP MP  PK MP  
------------------------------------------------------------------------------------
Aleksi Saarela           0  0  0   0  0   0  0  0  1  0  0/0     6:22   0:00   0:00 
Bo Horvat                1  4  5   4  0   4  3  0  0  0  16/39  23:16   4:11   4:43 
Brett Pesce              0  0  0   2  0   1  0  0  0  0  0/0     9:53   0:00   0:00 
Colton Sissons           0  2  2   0  0   0  3  0  0  0  7/14   16:46   3:39   0:51 
Dmitry Sinitsyn          0  0  0   3  4   0  2  0  0  0  0/0    16:13   2:59   1:59 
Haydn Fleury             0  1  1   3  0   0  0  1  0  0  0/0    18:14   0:00   3:41 
Johan Larsson            0  0  0   0  0   0  1  0  1  0  0/0     6:22   0:00   0:00 
Justin Bailey            0  0  0   0  0   4  0  0  0  1  0/0    15:55   3:39   0:00 
Linden Vey               2  1  3   4  6   4  1  0  0  0  0/1    19:18   4:11   0:37 
Lucas Lessio             1  0  1   2  0   2  2  2  0  0  0/0    10:28   0:06   0:16 
Neal Pionk               0  0  0   2  0   4  0  0  1  0  0/0    19:32   2:59   1:41 
Pavel Zacha              0  0  0   2  0   0  0  0  0  0  4/5     9:32   0:00   0:00 
Ryan Dzingel             1  0  1   0  0   3  2  0  0  0  0/1    18:58   3:39   2:45 
Shane Sims               0  0  0   1  0   3  2  1  5  0  0/0    28:07   4:57   4:59 
Tim Erixon               0  1  1   1  0   0  1  1  0  3  0/0    28:24   4:57   4:59 
Tim Schaller             2  1  3   4  0   6  1  0  2  0  2/4    23:04   4:11   4:31 
Tom Kuhnhackl            0  0  0   0  0   2  0  0  1  0  0/0     9:24   0:06   2:22 
Travis Konecny           1  1  2   2  0   2  2  0  0  0  0/0    10:12   0:06   0:00 

Players Stats for Condors

Player Name              G  A  P  +/- PIM S  H  SB GA TA FO     MP     PP MP  PK MP  
------------------------------------------------------------------------------------
Alex Tuch                0  0  0  -3  0   2  0  0  0  0  0/0    16:30   4:39   0:00 
Andrew Mangiapane        0  1  1  -1  2   3  1  0  0  0  2/4    19:21   3:55   0:47 
Anton Slepyshev          0  0  0  -3  2   6  2  0  1  0  0/0    19:26   4:39   2:03 
Brett Lernout            0  0  0   0  0   0  1  1  0  0  0/0     8:30   0:00   0:00 
C.J Suess                0  0  0   0  0   0  0  0  0  0  0/0     7:27   0:00   0:00 
Carl Gunnarsson          0  0  0  -2  4   2  5  0  2  3  0/0    25:20   5:19   2:16 
Chris Bigras             0  0  0   0  0   0  0  0  0  0  0/0    12:19   0:00   3:05 
Christian Thomas         1  0  1  -2  0   3  1  0  0  0  0/1     9:34   0:06   0:23 
Daniel Zaar              0  1  1  -2  0   2  1  0  0  0  0/0    10:33   0:00   1:31 
Eric Gustafsson          0  0  0  -2  0   4  0  2  0  3  0/0    26:17   3:21   4:51 
Erik Cernak              0  0  0  -1  0   0  0  0  0  0  0/0     6:41   0:00   0:56 
Frederik Gauthier        0  0  0  -3  0   2  0  1  0  0  6/13   19:25   3:56   2:40 
Gustav Olofsson          0  0  0  -1  0   0  0  0  0  0  0/0     5:45   0:00   0:00 
Louis Leblanc            0  0  0   0  0   0  1  0  0  2  1/3     8:13   0:00   0:26 
Marc-André Bourdon       0  0  0  -3  0   0  0  1  0  0  0/0    17:18   5:19   1:39 
Mark Jankowski           0  0  0  -2  0   2  2  0  0  1  3/8    13:03   0:05   4:00 
Mikko Lehtonen           0  0  0   0  0   3  0  0  0  0  0/0     7:55   0:06   0:00 
Nail Yakupov             1  0  1  -1  0   3  1  1  0  1  1/1    21:44   3:55   4:02 
Tyler Bozak              0  1  1  -1  0   7  0  0  1  0  22/34  18:29   4:39   0:00 
Zac Leslie               0  1  1  -3  0   3  4  0  0  1  0/0    18:10   3:21   3:05 

3 Stars

1 - Bo Horvat (VJB)
2 - Tim Schaller (VJB)
3 - Linden Vey (VJB)

Power Play

Influenza - 0 on 4 Attempt(s) - 0.00%
Condors - 0 on 5 Attempt(s) - 0.00%

Penalty Kill

Influenza - 5 on 5 Attempt(s) - 100.00% - Score 0 goal in Penalty Kill
Condors - 4 on 4 Attempt(s) - 100.00% - Score 0 goal in Penalty Kill

Team Stat

Influenza - Hits : 20 - Faceoff Wins : 29 - Blocked Shots : 5 - Penalty Minutes : 10
Condors - Hits : 19 - Faceoff Wins : 35 - Blocked Shots : 6 - Penalty Minutes : 8

Official

Referees : Unknown
Linesman : Unknown

Game Notes

Ilya Samsonov enters game at 8:22 of 2nd period

Finance

Level 1 -- Attendance: 1456 (72.80%) -- Ticket Income $58,240
Level 2 -- Attendance: 724 (72.40%) -- Ticket Income $14,480
Total Attendance: 2180 (72.67%)
Total Ticket Income: $72,720
Other Income: $3,636
Total Income: $76,356

Influenza

5 vs 5 Forward 
   Center                   Left Wing                Right Wing               Time % Phy DF OF 
 1 Bo Horvat                Tim Schaller             Linden Vey               40     1   2  2  
 2 Colton Sissons           Ryan Dzingel             Justin Bailey            30     1   2  2  
 3 Pavel Zacha              Lucas Lessio             Travis Konecny           20     1   2  2  
 4 Aleksi Saarela           Johan Larsson            Tom Kuhnhackl            10     1   2  2  

5 vs 5 Defense 
   Defense                  Defense                                           Time % Phy DF OF 
 1 Shane Sims               Tim Erixon                                        40     1   2  2  
 2 Neal Pionk               Haydn Fleury                                      30     1   2  2  
 3 Brett Pesce              Dmitry Sinitsyn                                   20     1   2  2  
 4 Shane Sims               Tim Erixon                                        10     1   2  2  

PowerPlay Forward 
   Center                   Left Wing                Right Wing               Time % Phy DF OF 
 1 Bo Horvat                Tim Schaller             Linden Vey               60     1   2  2  
 2 Colton Sissons           Ryan Dzingel             Justin Bailey            40     1   2  2  

PowerPlay Defense
   Defense                  Defense                                           Time % Phy DF OF 
 1 Shane Sims               Tim Erixon                                        60     1   2  2  
 2 Dmitry Sinitsyn          Neal Pionk                                        40     1   2  2  

Penalty Kill 4 Players Forward 
   Center                   Wing                     Time % Phy DF OF 
 1 Bo Horvat                Tim Schaller             60     1   2  2  
 2 Linden Vey               Ryan Dzingel             40     1   2  2  

Penalty Kill 4 Players Defense
   Defense                  Defense                  Time % Phy DF OF 
 1 Shane Sims               Tim Erixon               60     1   2  2  
 2 Dmitry Sinitsyn          Haydn Fleury             40     1   2  2  

Penalty Kill - 3 Players Forward 
   Forward                                           Time % Phy DF OF 
 1 Bo Horvat                                         60     1   2  2  
 2 Tim Schaller                                      40     1   2  2  

Penalty Kill - 3 Players Defense
   Defense                  Defense                  Time % Phy DF OF 
 1 Shane Sims               Tim Erixon               60     1   2  2  
 2 Dmitry Sinitsyn          Haydn Fleury             40     1   2  2  

4 vs 4 Forward 
   Center                   Wing                     Time % Phy DF OF 
 1 Bo Horvat                Tim Schaller             60     1   2  2  
 2 Linden Vey               Ryan Dzingel             40     1   2  2  

4 vs 4 Defense
   Defense                  Defense                  Time % Phy DF OF 
 1 Shane Sims               Tim Erixon               60     1   2  2  
 2 Dmitry Sinitsyn          Haydn Fleury             40     1   2  2  

Last Minutes Offensive
   Center                   Left Wing                Right Wing               Defense                  Defense                  
   Bo Horvat                Tim Schaller             Linden Vey               Shane Sims               Tim Erixon               

Last Minutes Defensive
   Center                   Left Wing                Right Wing               Defense                  Defense                  
   Bo Horvat                Tim Schaller             Linden Vey               Shane Sims               Tim Erixon               

Goaltenders
Starting : Al Montoya               
Backup : Malcolm Subban           

Extra Forwards
Normal : Lucas Lessio, Travis Konecny, Tom Kuhnhackl - PP : Lucas Lessio, Travis Konecny - PK : Tom Kuhnhackl
Extra Defensemen
Normal : Brett Pesce, Neal Pionk, Dmitry Sinitsyn - PP : Brett Pesce - PK : Neal Pionk, Dmitry Sinitsyn
Penalty Shots
Bo Horvat, Tim Schaller, Linden Vey, Ryan Dzingel, Colton Sissons

Scratches
Shane Prince (Healthy), Jeff Corbett (Healthy), Dennis Gilbert (Healthy), Henri Ikonen (Healthy), Jakob Forsbacka-Karlsson (Healthy)
Zack MacEwen (Healthy), Radovan Bondra (Healthy), Simon Bourque (Healthy), Mitchell Moroz (Healthy), Conner Bleackley (Healthy)
Brycen Martin (Healthy), Jaden Lindo (Healthy), Charlie Lindgren (Healthy), Jamie Phillips (Healthy)

Condors

5 vs 5 Forward 
   Center                   Left Wing                Right Wing               Time % Phy DF OF 
 1 Tyler Bozak              Andrew Mangiapane        Nail Yakupov             40     1   2  2  
 2 Frederik Gauthier        Anton Slepyshev          Alex Tuch                30     1   2  2  
 3 Mark Jankowski           Christian Thomas         Daniel Zaar              20     1   2  2  
 4 Louis Leblanc            C.J Suess                Mikko Lehtonen           10     1   2  2  

5 vs 5 Defense 
   Defense                  Defense                                           Time % Phy DF OF 
 1 Carl Gunnarsson          Eric Gustafsson                                   40     1   2  2  
 2 Zac Leslie               Marc-André Bourdon                                30     1   2  2  
 3 Chris Bigras             Brett Lernout                                     20     1   2  2  
 4 Erik Cernak              Gustav Olofsson                                   10     1   2  2  

PowerPlay Forward 
   Center                   Left Wing                Right Wing               Time % Phy DF OF 
 1 Tyler Bozak              Anton Slepyshev          Alex Tuch                60     0   2  3  
 2 Frederik Gauthier        Andrew Mangiapane        Nail Yakupov             40     0   2  3  

PowerPlay Defense
   Defense                  Defense                                           Time % Phy DF OF 
 1 Carl Gunnarsson          Marc-André Bourdon                                60     0   2  3  
 2 Zac Leslie               Eric Gustafsson                                   40     0   2  3  

Penalty Kill 4 Players Forward 
   Center                   Wing                     Time % Phy DF OF 
 1 Mark Jankowski           Nail Yakupov             60     0   3  2  
 2 Frederik Gauthier        Anton Slepyshev          40     0   3  2  

Penalty Kill 4 Players Defense
   Defense                  Defense                  Time % Phy DF OF 
 1 Carl Gunnarsson          Eric Gustafsson          60     0   3  2  
 2 Zac Leslie               Chris Bigras             40     0   3  2  

Penalty Kill - 3 Players Forward 
   Forward                                           Time % Phy DF OF 
 1 Mark Jankowski                                    60     1   2  2  
 2 Nail Yakupov                                      40     1   2  2  

Penalty Kill - 3 Players Defense
   Defense                  Defense                  Time % Phy DF OF 
 1 Carl Gunnarsson          Eric Gustafsson          60     1   2  2  
 2 Zac Leslie               Chris Bigras             40     1   2  2  

4 vs 4 Forward 
   Center                   Wing                     Time % Phy DF OF 
 1 Mark Jankowski           Nail Yakupov             60     1   2  2  
 2 Frederik Gauthier        Anton Slepyshev          40     1   2  2  

4 vs 4 Defense
   Defense                  Defense                  Time % Phy DF OF 
 1 Carl Gunnarsson          Marc-André Bourdon       60     1   2  2  
 2 Zac Leslie               Eric Gustafsson          40     1   2  2  

Last Minutes Offensive
   Center                   Left Wing                Right Wing               Defense                  Defense                  
   Frederik Gauthier        Anton Slepyshev          Nail Yakupov             Carl Gunnarsson          Eric Gustafsson          

Last Minutes Defensive
   Center                   Left Wing                Right Wing               Defense                  Defense                  
   Frederik Gauthier        Anton Slepyshev          Nail Yakupov             Carl Gunnarsson          Eric Gustafsson          

Goaltenders
Starting : Mark Visentin            
Backup : Ilya Samsonov            

Extra Forwards
Normal : Tyler Bozak, Frederik Gauthier, Alex Tuch - PP : Tyler Bozak, Frederik Gauthier - PK : Daniel Zaar
Extra Defensemen
Normal : Chris Bigras, Brett Lernout, Zac Leslie - PP : Chris Bigras - PK : Marc-André Bourdon, Zac Leslie
Penalty Shots
Tyler Bozak, Nail Yakupov, Frederik Gauthier, Mark Jankowski, Anton Slepyshev

Scratches
Emil Djuse (Healthy), Caleb Jones (Healthy), Nick Merkley (Healthy), Cole Cassels (Healthy), Jordan Subban (Healthy)
Jeremy Gregoire (Healthy), Connor Hurley (Healthy), Remi Elie (Healthy), Adam Erne (Healthy), Brett Ritchie (Healthy)
Anders Bjork (Healthy), Hunter Smith (Healthy), Jack Campbell (Healthy)

% Time on Ice - Influenza

Lines # - Real PCT - Wanted PCT - Time Play
Normal Forward
1 - 34% - 40% - 14:56
2 - 29% - 30% - 12:34
3 - 22% - 20% - 9:32
4 - 15% - 10% - 6:22
Normal Defense
1 - 40% - 40% - 17:29
2 - 35% - 30% - 15:20
3 - 23% - 20% - 9:53
4 - 2% - 10% - 0:42
PP Forward
1 - 54% - 60% - 4:17
2 - 46% - 40% - 3:39
PP Defense
1 - 62% - 60% - 4:57
2 - 38% - 40% - 2:59
PK Forward
1 - 67% - 60% - 4:56
2 - 33% - 40% - 2:29
PK Defense
1 - 59% - 60% - 4:22
2 - 41% - 40% - 3:03
PK3 Forward
1 - 83% - 60% - 1:02
2 - 17% - 40% - 0:13
PK3 Defense
1 - 49% - 60% - 0:37
2 - 51% - 40% - 0:38
44 Forward
1 - 0% - 60%
2 - 0% - 40%
44 Defense
1 - 0% - 60%
2 - 0% - 40%
Last Minute Offensive  - 0:00
Last Minute Defensive  - 0:00
Total
Forward - 60:00
Defense - 60:00

% Time on Ice - Condors

Lines # - Real PCT - Wanted PCT - Time Play
Normal Forward
1 - 33% - 40% - 14:25
2 - 30% - 30% - 12:49
3 - 20% - 20% - 8:43
4 - 17% - 10% - 7:27
Normal Defense
1 - 40% - 40% - 17:25
2 - 27% - 30% - 11:44
3 - 20% - 20% - 8:30
4 - 13% - 10% - 5:45
PP Forward
1 - 55% - 60% - 4:44
2 - 45% - 40% - 3:56
PP Defense
1 - 61% - 60% - 5:19
2 - 39% - 40% - 3:21
PK Forward
1 - 66% - 60% - 5:16
2 - 34% - 40% - 2:40
PK Defense
1 - 61% - 60% - 4:51
2 - 39% - 40% - 3:05
PK3 Forward
1 - 0% - 60%
2 - 0% - 40%
PK3 Defense
1 - 0% - 60%
2 - 0% - 40%
44 Forward
1 - 0% - 60%
2 - 0% - 40%
44 Defense
1 - 0% - 60%
2 - 0% - 40%
Last Minute Offensive  - 0:00
Last Minute Defensive  - 0:00
Total
Forward - 60:00
Defense - 60:00

Play-by-Play

1st period


0:01 of 1st period - Tyler Bozak wins face-off versus Tim Schaller in neutral zone.
0:22 of 1st period - Minor Penalty to Carl Gunnarsson for Interference.
0:23 of 1st period - Mark Jankowski wins face-off versus Tim Schaller in Condors zone.
0:28 of 1st period - Slapshot by Tim Schaller.
0:28 of 1st period - Stopped by Mark Visentin with a rebound.
0:30 of 1st period - Slapshot by Shane Sims.
0:30 of 1st period - Stopped by Mark Visentin without a rebound.
0:31 of 1st period - Bo Horvat wins face-off versus Mark Jankowski in Condors zone.
1:02 of 1st period - Snap shot by Anton Slepyshev.
1:02 of 1st period - Stopped by Al Montoya with a rebound.
2:15 of 1st period - Tim Erixon is hit by Zac Leslie.
2:22 of 1st period - Penalty to Carl Gunnarsson is over, Carl Gunnarsson is back on ice.
2:29 of 1st period - Snap shot by C.J Suess.
2:29 of 1st period - Shot Blocked by Lucas Lessio.
2:49 of 1st period - Snap shot by Tyler Bozak.
2:49 of 1st period - Stopped by Al Montoya with a rebound.
3:13 of 1st period - Mark Jankowski is hit by Dmitry Sinitsyn and loses puck.
3:28 of 1st period - Linden Vey is hit by Carl Gunnarsson and loses puck.
3:39 of 1st period - Snap shot by Justin Bailey.
3:39 of 1st period - Stopped by Mark Visentin without a rebound.
3:40 of 1st period - Louis Leblanc wins face-off versus Colton Sissons in Condors zone.
4:12 of 1st period - Wrist shot by Travis Konecny.
4:12 of 1st period - Stopped by Mark Visentin without a rebound.
4:13 of 1st period - Frederik Gauthier wins face-off versus Bo Horvat in Condors zone.
4:38 of 1st period - Tim Erixon is hit by Christian Thomas and loses puck.
5:04 of 1st period - Wrist shot by Ryan Dzingel.
5:04 of 1st period - Stopped by Mark Visentin with a rebound.
6:17 of 1st period - Icing by Neal Pionk.
6:18 of 1st period - Tyler Bozak wins face-off versus Pavel Zacha in Influenza zone.
6:43 of 1st period - Snap shot by Linden Vey.
6:43 of 1st period - Goal by Linden Vey - Influenza : 1 - Condors : 0.
6:44 of 1st period - Bo Horvat wins face-off versus Tyler Bozak in neutral zone.
7:11 of 1st period - Minor Penalty to Carl Gunnarsson for Roughing.
7:12 of 1st period - Bo Horvat wins face-off versus Mark Jankowski in Condors zone.
7:13 of 1st period - Wrist shot by Linden Vey.
7:13 of 1st period - Deflect By Tim Schaller.
7:13 of 1st period - Shot Misses the Net.
7:13 of 1st period - Puck is out of play.
7:14 of 1st period - Bo Horvat wins face-off versus Mark Jankowski in Condors zone.
7:17 of 1st period - Slapshot by Bo Horvat.
7:17 of 1st period - Stopped by Mark Visentin with a rebound.
7:19 of 1st period - Slapshot by Shane Sims.
7:19 of 1st period - Shot Misses the Net.
7:21 of 1st period - Slapshot by Shane Sims.
7:21 of 1st period - Shot Blocked by Marc-André Bourdon.
7:23 of 1st period - Snap shot by Linden Vey.
7:23 of 1st period - Shot Blocked by Eric Gustafsson.
8:25 of 1st period - Snap shot by Mark Jankowski.
8:25 of 1st period - Stopped by Al Montoya with a rebound.
9:11 of 1st period - Penalty to Carl Gunnarsson is over, Carl Gunnarsson is back on ice.
9:23 of 1st period - Brett Lernout is hit by Dmitry Sinitsyn and loses puck.
9:42 of 1st period - Snap shot by Alex Tuch.
9:42 of 1st period - Stopped by Al Montoya with a rebound.
10:10 of 1st period - Slapshot by Louis Leblanc.
10:10 of 1st period - Deflect By C.J Suess.
10:10 of 1st period - Shot Blocked by Lucas Lessio.
10:10 of 1st period - Puck is out of play.
10:11 of 1st period - Pavel Zacha wins face-off versus Louis Leblanc in Influenza zone.
10:36 of 1st period - Snap shot by Anton Slepyshev.
10:36 of 1st period - Stopped by Al Montoya with a rebound.
10:38 of 1st period - Slapshot by Carl Gunnarsson.
10:38 of 1st period - Stopped by Al Montoya without a rebound.
10:39 of 1st period - Bo Horvat wins face-off versus Frederik Gauthier in Influenza zone.
11:00 of 1st period - Minor Penalty to Dmitry Sinitsyn for Hooking.
11:01 of 1st period - Tyler Bozak wins face-off versus Bo Horvat in Influenza zone.
11:02 of 1st period - Snap shot by Anton Slepyshev.
11:02 of 1st period - Shot Misses the Net.
11:04 of 1st period - Slapshot by Tyler Bozak.
11:04 of 1st period - Deflect By Anton Slepyshev.
11:04 of 1st period - Stopped by Al Montoya with a rebound.
11:06 of 1st period - Snap shot by Carl Gunnarsson.
11:06 of 1st period - Shot Misses the Net.
11:14 of 1st period - Snap shot by Anton Slepyshev.
11:14 of 1st period - Stopped by Al Montoya without a rebound.
11:15 of 1st period - Tyler Bozak wins face-off versus Bo Horvat in Influenza zone.
13:00 of 1st period - Penalty to Dmitry Sinitsyn is over, Dmitry Sinitsyn is back on ice.
13:34 of 1st period - Wrist shot by Justin Bailey.
13:34 of 1st period - Stopped by Mark Visentin with a rebound.
14:10 of 1st period - Neal Pionk is hit by Anton Slepyshev.
14:14 of 1st period - Erik Cernak is hit by Travis Konecny and loses puck.
14:29 of 1st period - Slapshot by C.J Suess.
14:29 of 1st period - Shot Misses the Net.
14:41 of 1st period - Snap shot by Nail Yakupov.
14:41 of 1st period - Stopped by Al Montoya with a rebound.
15:52 of 1st period - Wrist shot by Justin Bailey.
15:52 of 1st period - Stopped by Mark Visentin with a rebound.
16:49 of 1st period - Tyler Bozak is hit by Johan Larsson and loses puck.
16:56 of 1st period - Snap shot by Tom Kuhnhackl.
16:56 of 1st period - Shot Misses the Net.
17:13 of 1st period - Chris Bigras is hit by Travis Konecny and loses puck.
17:30 of 1st period - Brett Lernout is hit by Tim Schaller and loses puck.
17:47 of 1st period - Christian Thomas is hit by Colton Sissons and loses puck.
18:20 of 1st period - Linden Vey is hit by Anton Slepyshev and loses puck.
18:25 of 1st period - Wrist shot by Anton Slepyshev.
18:25 of 1st period - Stopped by Al Montoya without a rebound.
18:26 of 1st period - Colton Sissons wins face-off versus Frederik Gauthier in Influenza zone.
Goals for this period are 1 for Influenza vs 0 for Condors.
Shots for this period are 9 for Influenza vs 10 for Condors.

2nd period


0:01 of 2nd period - Bo Horvat wins face-off versus Tyler Bozak in neutral zone.
0:06 of 2nd period - Slapshot by Tim Schaller.
0:06 of 2nd period - Stopped by Mark Visentin with a rebound.
0:08 of 2nd period - Wrist shot by Tim Schaller.
0:08 of 2nd period - Goal by Tim Schaller - Influenza : 2 - Condors : 0.
0:09 of 2nd period - Tyler Bozak wins face-off versus Bo Horvat in neutral zone.
0:16 of 2nd period - Slapshot by Carl Gunnarsson.
0:16 of 2nd period - Stopped by Al Montoya without a rebound.
0:17 of 2nd period - Tyler Bozak wins face-off versus Bo Horvat in Influenza zone.
0:22 of 2nd period - Snap shot by Nail Yakupov.
0:22 of 2nd period - Shot Misses the Net.
0:24 of 2nd period - Minor Penalty to Linden Vey for Interference.
0:25 of 2nd period - Bo Horvat wins face-off versus Tyler Bozak in Influenza zone.
2:24 of 2nd period - Penalty to Linden Vey is over, Linden Vey is back on ice.
2:47 of 2nd period - Johan Larsson is hit by Zac Leslie and loses puck.
2:52 of 2nd period - Slapshot by Mikko Lehtonen.
2:52 of 2nd period - Shot Misses the Net.
2:54 of 2nd period - Backhand shot by Mikko Lehtonen.
2:54 of 2nd period - Stopped by Al Montoya with a rebound.
2:56 of 2nd period - Slapshot by Chris Bigras.
2:56 of 2nd period - Shot Misses the Net.
2:58 of 2nd period - Slapshot by Mikko Lehtonen.
2:58 of 2nd period - Stopped by Al Montoya without a rebound.
2:59 of 2nd period - Mark Jankowski wins face-off versus Colton Sissons in Influenza zone.
3:10 of 2nd period - Wrist shot by Christian Thomas.
3:10 of 2nd period - Shot Blocked by Haydn Fleury.
4:35 of 2nd period - Backhand shot by Ryan Dzingel.
4:35 of 2nd period - Shot Misses the Net.
4:41 of 2nd period - Ryan Dzingel is hit by Mark Jankowski and loses puck.
4:46 of 2nd period - Slapshot by Eric Gustafsson.
4:46 of 2nd period - Stopped by Al Montoya without a rebound.
4:47 of 2nd period - Tyler Bozak wins face-off versus Bo Horvat in Influenza zone.
4:51 of 2nd period - Minor Penalty to Linden Vey for Roughing.
4:52 of 2nd period - Tyler Bozak wins face-off versus Bo Horvat in Influenza zone.
6:21 of 2nd period - Icing by Carl Gunnarsson.
6:22 of 2nd period - Colton Sissons wins face-off versus Tyler Bozak in Condors zone.
6:51 of 2nd period - Penalty to Linden Vey is over, Linden Vey is back on ice.
6:59 of 2nd period - Snap shot by Lucas Lessio.
6:59 of 2nd period - Shot Blocked by Brett Lernout.
7:01 of 2nd period - Snap shot by Lucas Lessio.
7:01 of 2nd period - Goal by Lucas Lessio - Influenza : 3 - Condors : 0.
7:02 of 2nd period - Tyler Bozak wins face-off versus Bo Horvat in neutral zone.
7:12 of 2nd period - Andrew Mangiapane is hit by Bo Horvat and loses puck.
7:29 of 2nd period - Colton Sissons is hit by Carl Gunnarsson and loses puck.
8:14 of 2nd period - Slapshot by Neal Pionk.
8:14 of 2nd period - Shot Misses the Net.
8:16 of 2nd period - Slapshot by Neal Pionk.
8:16 of 2nd period - Deflect By Marc-André Bourdon.
8:16 of 2nd period - Stopped by Mark Visentin with a rebound.
8:18 of 2nd period - Slapshot by Tom Kuhnhackl.
8:18 of 2nd period - Stopped by Mark Visentin without a rebound.
8:19 of 2nd period - Bo Horvat wins face-off versus Frederik Gauthier in Condors zone.
8:22 of 2nd period - Wrist shot by Bo Horvat.
8:22 of 2nd period - Goal by Bo Horvat - Influenza : 4 - Condors : 0.
8:22 of 2nd period - Ilya Samsonov enters game.
8:23 of 2nd period - Bo Horvat wins face-off versus Tyler Bozak in neutral zone.
8:51 of 2nd period - Off-side.
8:52 of 2nd period - Colton Sissons wins face-off versus Frederik Gauthier in neutral zone.
9:17 of 2nd period - Alex Tuch is hit by Colton Sissons.
9:27 of 2nd period - Wrist shot by Anton Slepyshev.
9:27 of 2nd period - Shot Misses the Net.
9:37 of 2nd period - Slapshot by Ryan Dzingel.
9:37 of 2nd period - Goal by Ryan Dzingel - Influenza : 5 - Condors : 0.
9:38 of 2nd period - Bo Horvat wins face-off versus Tyler Bozak in neutral zone.
10:05 of 2nd period - Wrist shot by Tom Kuhnhackl.
10:05 of 2nd period - Stopped by Ilya Samsonov with a rebound.
10:17 of 2nd period - Snap shot by Tyler Bozak.
10:17 of 2nd period - Stopped by Al Montoya without a rebound.
10:18 of 2nd period - Frederik Gauthier wins face-off versus Bo Horvat in Influenza zone.
10:33 of 2nd period - Frederik Gauthier is hit by Bo Horvat and loses puck.
10:44 of 2nd period - Zac Leslie is hit by Ryan Dzingel and loses puck.
10:53 of 2nd period - Snap shot by Daniel Zaar.
10:53 of 2nd period - Deflect By Christian Thomas.
10:53 of 2nd period - Goal by Christian Thomas - Influenza : 5 - Condors : 1.
10:54 of 2nd period - Tyler Bozak wins face-off versus Bo Horvat in neutral zone.
11:04 of 2nd period - Slapshot by Shane Sims.
11:04 of 2nd period - Stopped by Ilya Samsonov without a rebound.
11:05 of 2nd period - Tyler Bozak wins face-off versus Bo Horvat in Condors zone.
11:27 of 2nd period - Icing by Eric Gustafsson.
11:28 of 2nd period - Andrew Mangiapane wins face-off versus Colton Sissons in Condors zone.
11:53 of 2nd period - Snap shot by Travis Konecny.
11:53 of 2nd period - Shot Blocked by Eric Gustafsson.
12:39 of 2nd period - Wrist shot by Eric Gustafsson.
12:39 of 2nd period - Stopped by Al Montoya with a rebound.
12:41 of 2nd period - Slapshot by Eric Gustafsson.
12:41 of 2nd period - Stopped by Al Montoya with a rebound.
12:43 of 2nd period - Snap shot by Alex Tuch.
12:43 of 2nd period - Shot Misses the Net.
12:45 of 2nd period - Slapshot by Eric Gustafsson.
12:45 of 2nd period - Deflect By Anton Slepyshev.
12:45 of 2nd period - Shot Misses the Net.
12:45 of 2nd period - Puck is out of play.
12:46 of 2nd period - Tyler Bozak wins face-off versus Colton Sissons in Influenza zone.
12:49 of 2nd period - Wrist shot by Tyler Bozak.
12:49 of 2nd period - Shot Misses the Net.
12:51 of 2nd period - Slapshot by Andrew Mangiapane.
12:51 of 2nd period - Stopped by Al Montoya without a rebound.
12:52 of 2nd period - Colton Sissons wins face-off versus Tyler Bozak in Influenza zone.
12:52 of 2nd period - Colton Sissons is hit by Zac Leslie.
13:21 of 2nd period - Snap shot by Linden Vey.
13:21 of 2nd period - Goal by Linden Vey - Influenza : 6 - Condors : 1.
13:22 of 2nd period - Bo Horvat wins face-off versus Andrew Mangiapane in neutral zone.
13:41 of 2nd period - Carl Gunnarsson is hit by Shane Sims.
14:13 of 2nd period - Snap shot by Christian Thomas.
14:13 of 2nd period - Stopped by Al Montoya without a rebound.
14:14 of 2nd period - Pavel Zacha wins face-off versus Christian Thomas in Influenza zone.
14:31 of 2nd period - Backhand shot by Lucas Lessio.
14:31 of 2nd period - Stopped by Ilya Samsonov without a rebound.
14:32 of 2nd period - Tyler Bozak wins face-off versus Bo Horvat in Condors zone.
14:45 of 2nd period - Andrew Mangiapane is hit by Bo Horvat and loses puck.
15:12 of 2nd period - Icing by Haydn Fleury.
15:13 of 2nd period - Nail Yakupov wins face-off versus Colton Sissons in Influenza zone.
15:14 of 2nd period - Slapshot by Tyler Bozak.
15:14 of 2nd period - Stopped by Al Montoya with a rebound.
15:22 of 2nd period - Slapshot by Ryan Dzingel.
15:22 of 2nd period - Shot Blocked by Nail Yakupov.
15:24 of 2nd period - Snap shot by Ryan Dzingel.
15:24 of 2nd period - Stopped by Ilya Samsonov with a rebound.
15:36 of 2nd period - Slapshot by Neal Pionk.
15:36 of 2nd period - Stopped by Ilya Samsonov without a rebound.
15:37 of 2nd period - Frederik Gauthier wins face-off versus Bo Horvat in Condors zone.
15:44 of 2nd period - Wrist shot by Alex Tuch.
15:44 of 2nd period - Stopped by Al Montoya without a rebound.
15:45 of 2nd period - Tyler Bozak wins face-off versus Bo Horvat in Influenza zone.
15:48 of 2nd period - Wrist shot by Tyler Bozak.
15:48 of 2nd period - Stopped by Al Montoya with a rebound.
15:50 of 2nd period - Backhand shot by Zac Leslie.
15:50 of 2nd period - Shot Blocked by Tim Erixon.
15:52 of 2nd period - Wrist shot by Zac Leslie.
15:52 of 2nd period - Stopped by Al Montoya without a rebound.
15:53 of 2nd period - Tyler Bozak wins face-off versus Bo Horvat in Influenza zone.
15:58 of 2nd period - Snap shot by Tyler Bozak.
15:58 of 2nd period - Shot Blocked by Shane Sims.
16:00 of 2nd period - Wrist shot by Andrew Mangiapane.
16:00 of 2nd period - Stopped by Al Montoya without a rebound.
16:01 of 2nd period - Tim Schaller wins face-off versus Tyler Bozak in Influenza zone.
16:01 of 2nd period - Tim Schaller is hit by Andrew Mangiapane.
16:04 of 2nd period - Shane Sims is hit by Nail Yakupov and loses puck.
16:23 of 2nd period - Snap shot by Bo Horvat.
16:23 of 2nd period - Stopped by Ilya Samsonov without a rebound.
16:24 of 2nd period - Colton Sissons wins face-off versus Frederik Gauthier in Condors zone.
16:28 of 2nd period - Minor Penalty to Anton Slepyshev for Tripping.
16:29 of 2nd period - Bo Horvat wins face-off versus Mark Jankowski in Condors zone.
16:39 of 2nd period - Mark Jankowski is hit by Linden Vey and loses puck.
17:06 of 2nd period - Slapshot by Shane Sims.
17:06 of 2nd period - Shot Blocked by Frederik Gauthier.
18:28 of 2nd period - Penalty to Anton Slepyshev is over, Anton Slepyshev is back on ice.
18:30 of 2nd period - Daniel Zaar is hit by Lucas Lessio and loses puck.
18:56 of 2nd period - Wrist shot by Mikko Lehtonen.
18:56 of 2nd period - Stopped by Al Montoya without a rebound.
18:57 of 2nd period - Pavel Zacha wins face-off versus Louis Leblanc in Influenza zone.
Goals for this period are 5 for Influenza vs 1 for Condors.
Shots for this period are 14 for Influenza vs 16 for Condors.

3rd period


0:01 of 3rd period - Tyler Bozak wins face-off versus Bo Horvat in neutral zone.
0:03 of 3rd period - Off-side.
0:04 of 3rd period - Tim Schaller wins face-off versus Andrew Mangiapane in neutral zone.
0:47 of 3rd period - Snap shot by Tim Schaller.
0:47 of 3rd period - Stopped by Ilya Samsonov with a rebound.
0:51 of 3rd period - Snap shot by Linden Vey.
0:51 of 3rd period - Shot Misses the Net.
0:53 of 3rd period - Slapshot by Shane Sims.
0:53 of 3rd period - Deflect By Marc-André Bourdon.
0:53 of 3rd period - Stopped by Ilya Samsonov with a rebound.
0:55 of 3rd period - Snap shot by Linden Vey.
0:55 of 3rd period - Stopped by Ilya Samsonov without a rebound.
0:56 of 3rd period - Colton Sissons wins face-off versus Frederik Gauthier in Condors zone.
0:57 of 3rd period - Slapshot by Brett Pesce.
0:57 of 3rd period - Deflect By Carl Gunnarsson.
0:57 of 3rd period - Stopped by Ilya Samsonov without a rebound.
0:58 of 3rd period - Frederik Gauthier wins face-off versus Colton Sissons in Condors zone.
1:05 of 3rd period - Snap shot by Anton Slepyshev.
1:05 of 3rd period - Stopped by Al Montoya without a rebound.
1:06 of 3rd period - Colton Sissons wins face-off versus Frederik Gauthier in Influenza zone.
1:15 of 3rd period - Alex Tuch is hit by Ryan Dzingel and loses puck.
1:28 of 3rd period - Anton Slepyshev is hit by Colton Sissons and loses puck.
1:59 of 3rd period - Wrist shot by Justin Bailey.
1:59 of 3rd period - Stopped by Ilya Samsonov with a rebound.
2:09 of 3rd period - Slapshot by Eric Gustafsson.
2:09 of 3rd period - Deflect By Anton Slepyshev.
2:09 of 3rd period - Shot Misses the Net.
2:09 of 3rd period - Puck is out of play.
2:10 of 3rd period - Bo Horvat wins face-off versus Tyler Bozak in Influenza zone.
2:24 of 3rd period - Wrist shot by Tyler Bozak.
2:24 of 3rd period - Stopped by Al Montoya with a rebound.
2:26 of 3rd period - Snap shot by Tyler Bozak.
2:26 of 3rd period - Deflect By Tim Erixon.
2:26 of 3rd period - Stopped by Al Montoya with a rebound.
2:36 of 3rd period - Daniel Zaar is hit by Lucas Lessio and loses puck.
2:53 of 3rd period - Lucas Lessio is hit by Daniel Zaar and loses puck.
3:02 of 3rd period - Wrist shot by Mark Jankowski.
3:02 of 3rd period - Stopped by Al Montoya with a rebound.
3:04 of 3rd period - Slapshot by Zac Leslie.
3:04 of 3rd period - Stopped by Al Montoya with a rebound.
3:12 of 3rd period - Slapshot by Daniel Zaar.
3:12 of 3rd period - Stopped by Al Montoya with a rebound.
3:14 of 3rd period - Slapshot by Zac Leslie.
3:14 of 3rd period - Stopped by Al Montoya with a rebound.
3:16 of 3rd period - Wrist shot by Mark Jankowski.
3:16 of 3rd period - Shot Misses the Net.
3:18 of 3rd period - Snap shot by Mark Jankowski.
3:18 of 3rd period - Shot Misses the Net.
3:20 of 3rd period - Slapshot by Christian Thomas.
3:20 of 3rd period - Shot Misses the Net.
3:22 of 3rd period - Snap shot by Christian Thomas.
3:22 of 3rd period - Shot Misses the Net.
3:24 of 3rd period - Snap shot by Christian Thomas.
3:24 of 3rd period - Stopped by Al Montoya without a rebound.
3:25 of 3rd period - Tyler Bozak wins face-off versus Bo Horvat in Influenza zone.
3:38 of 3rd period - Snap shot by Tim Schaller.
3:38 of 3rd period - Stopped by Ilya Samsonov with a rebound.
3:50 of 3rd period - Justin Bailey is hit by Carl Gunnarsson and loses puck.
5:05 of 3rd period - Icing by Frederik Gauthier.
5:06 of 3rd period - Pavel Zacha wins face-off versus Mark Jankowski in Condors zone.
5:52 of 3rd period - Off-side.
5:53 of 3rd period - Frederik Gauthier wins face-off versus Ryan Dzingel in neutral zone.
6:00 of 3rd period - Backhand shot by Anton Slepyshev.
6:00 of 3rd period - Deflect By Frederik Gauthier.
6:00 of 3rd period - Stopped by Al Montoya with a rebound.
6:02 of 3rd period - Wrist shot by Anton Slepyshev.
6:02 of 3rd period - Deflect By Frederik Gauthier.
6:02 of 3rd period - Stopped by Al Montoya without a rebound.
6:03 of 3rd period - Tyler Bozak wins face-off versus Linden Vey in Influenza zone.
6:14 of 3rd period - Slapshot by Eric Gustafsson.
6:14 of 3rd period - Stopped by Al Montoya with a rebound.
6:30 of 3rd period - Slapshot by Daniel Zaar.
6:30 of 3rd period - Stopped by Al Montoya with a rebound.
7:16 of 3rd period - Slapshot by Tyler Bozak.
7:16 of 3rd period - Stopped by Al Montoya with a rebound.
7:20 of 3rd period - Wrist shot by Nail Yakupov.
7:20 of 3rd period - Stopped by Al Montoya with a rebound.
7:22 of 3rd period - Snap shot by Nail Yakupov.
7:22 of 3rd period - Deflect By Andrew Mangiapane.
7:22 of 3rd period - Stopped by Al Montoya with a rebound.
8:31 of 3rd period - Slapshot by Justin Bailey.
8:31 of 3rd period - Shot Misses the Net.
8:43 of 3rd period - Slapshot by Neal Pionk.
8:43 of 3rd period - Stopped by Ilya Samsonov without a rebound.
8:44 of 3rd period - Bo Horvat wins face-off versus Tyler Bozak in Condors zone.
8:45 of 3rd period - Slapshot by Tim Schaller.
8:45 of 3rd period - Goal by Tim Schaller - Influenza : 7 - Condors : 1.
8:46 of 3rd period - Andrew Mangiapane wins face-off versus Bo Horvat in neutral zone.
8:57 of 3rd period - Slapshot by Nail Yakupov.
8:57 of 3rd period - Goal by Nail Yakupov - Influenza : 7 - Condors : 2.
8:58 of 3rd period - Tyler Bozak wins face-off versus Bo Horvat in neutral zone.
9:05 of 3rd period - Backhand shot by Bo Horvat.
9:05 of 3rd period - Stopped by Ilya Samsonov without a rebound.
9:06 of 3rd period - Bo Horvat wins face-off versus Tyler Bozak in Condors zone.
9:11 of 3rd period - Wrist shot by Linden Vey.
9:11 of 3rd period - Stopped by Ilya Samsonov without a rebound.
9:12 of 3rd period - Tyler Bozak wins face-off versus Bo Horvat in Condors zone.
9:12 of 3rd period - Tyler Bozak is hit by Shane Sims.
9:15 of 3rd period - Minor Penalty to Andrew Mangiapane for Interference.
9:16 of 3rd period - Mark Jankowski wins face-off versus Bo Horvat in Condors zone.
9:49 of 3rd period - Neal Pionk is hit by Mark Jankowski and loses puck.
10:56 of 3rd period - Tim Erixon is hit by Louis Leblanc.
11:15 of 3rd period - Penalty to Andrew Mangiapane is over, Andrew Mangiapane is back on ice.
11:56 of 3rd period - Lucas Lessio is hit by Zac Leslie.
13:42 of 3rd period - Justin Bailey is hit by Brett Lernout.
14:23 of 3rd period - Justin Bailey is hit by Carl Gunnarsson and loses puck.
15:19 of 3rd period - Wrist shot by Travis Konecny.
15:19 of 3rd period - Goal by Travis Konecny - Influenza : 8 - Condors : 2.
15:20 of 3rd period - Tyler Bozak wins face-off versus Bo Horvat in neutral zone.
15:22 of 3rd period - Eric Gustafsson is hit by Tim Erixon and loses puck.
15:46 of 3rd period - Icing by Eric Gustafsson.
15:47 of 3rd period - Frederik Gauthier wins face-off versus Colton Sissons in Condors zone.
16:02 of 3rd period - Slapshot by Neal Pionk.
16:02 of 3rd period - Deflect By Eric Gustafsson.
16:02 of 3rd period - Stopped by Ilya Samsonov with a rebound.
16:13 of 3rd period - Minor Penalty to Linden Vey for Hooking.
16:14 of 3rd period - Bo Horvat wins face-off versus Tyler Bozak in Influenza zone.
16:57 of 3rd period - Minor Penalty to Dmitry Sinitsyn for Hooking.
16:58 of 3rd period - Tyler Bozak wins face-off versus Bo Horvat in Influenza zone.
18:01 of 3rd period - Haydn Fleury is hit by Carl Gunnarsson and loses puck.
18:13 of 3rd period - Penalty to Linden Vey is over, Linden Vey is back on ice.
18:57 of 3rd period - Penalty to Dmitry Sinitsyn is over, Dmitry Sinitsyn is back on ice.
19:26 of 3rd period - Snap shot by Travis Konecny.
19:26 of 3rd period - Shot Misses the Net.
Goals for this period are 2 for Influenza vs 1 for Condors.
Shots for this period are 12 for Influenza vs 16 for Condors.